 Dungeon Crawl Stone Soup version 0.23.0-3-gf3c87f2 (webtiles) character file.

Game seed: 17847966771523525517

81 ferdilos the Sneak (level 4, 0/24 HPs)
             Began as a Kobold Enchanter on Feb 22, 2019.
             Slain by a jackal (1 damage)
             ... on level 2 of the Dungeon.
             The game lasted 00:13:07 (4045 turns).

ferdilos the Sneak (Kobold Enchanter)               Turns: 4045, Time: 00:13:08

Health: 0/24       AC:  5    Str:  5    XL:     4   Next: 68%
Magic:  0/7        EV: 17    Int: 17    God:
Gold:   73         SH:  0    Dex: 15    Spells: 1/7 levels left

rFire    . . .     SeeInvis +   a - +3 dagger
rCold    . . .     Gourm    .   (shield restricted)
rNeg     . . .     Faith    .   b - +0 robe
rPois    .         Spirit   .   h - +2 helmet
rElec    .         Reflect  .   (no cloak)
rCorr    .         Harm     .   (no gloves)
MR       .....                  (no boots)
Stlth    +++.......             (no amulet)
HPRegen  0.08/turn              j - ring of see invisible
MPRegen  0.10/turn              (no ring)

@: no status effects
A: small, carnivore
a: no special abilities


You were on level 2 of the Dungeon.
You were completely stuffed.

You visited 1 branch of the dungeon, and saw 3 of its levels.

You collected 73 gold pieces.

Inventory:

Hand Weapons
 a - a +3 dagger (weapon)
Armour
 b - a +0 robe (worn)
 h - a +2 helmet (worn)
Jewellery
 j - a ring of see invisible (left hand)
Scrolls
 f - a scroll of identify
 m - a scroll of teleportation
Potions
 c - a potion of resistance {unknown}
 e - a potion of berserk rage {unknown}
 g - a potion of lignification {unknown}
 i - a potion of curing {unknown}
Comestibles
 d - 4 rations


   Skills:
 - Level 1.3 Short Blades
 * Level 4.1 Dodging
 + Level 4.9 Stealth
 + Level 2.1 Spellcasting
 * Level 3.6 Hexes


You had one spell level left.
You knew the following spells:

 Your Spells              Type           Power        Failure   Level  Hunger
a - Corona                Hex            ##.....      4%          1    #......
b - Ensorcelled Hibernat  Hex/Ice        #.....       14%         2    ###....
c - Confuse               Hex            ##......     13%         3    ###....

Your spell library contained the following spells:

 Spells                   Type           Power        Failure   Level  Hunger
 Tukima's Dance           Hex            ##......     13%         3    ###....
 Dazzling Spray           Conj/Hex       #.....       26%         3    ###....


Dungeon Overview and Level Annotations

Branches:
Dungeon (3/15)

Altars:


Innate Abilities, Weirdness & Mutations

You are small and have problems with some larger weapons.
You are carnivorous and can eat meat at any time.


Message History

You closely miss the jackal.
The jackal is moderately wounded.
The bullfrog hits you.
* * * LOW HITPOINT WARNING * * *
The jackal barely misses you. The bullfrog closely misses you.
Casting: Ensorcelled Hibernation (safe; 14% risk of failure)
Confirm with . or Enter, or press ? or * to list all spells.
Aiming: Ensorcelled Hibernation (safe; 14% risk of failure)
Press: ? - help, Shift-Dir - straight line, f/p - bullfrog
Aim: a bullfrog (lightly wounded, chance to defeat MR: 39%)
The bullfrog resists with some effort.
The jackal misses you. The bullfrog hits you.
* * * LOW HITPOINT WARNING * * *
The jackal completely misses you.
You closely miss the jackal. The bullfrog barely misses you.
The jackal barely misses you. The bullfrog closely misses you.
You hit the jackal.
The jackal is severely wounded.
The jackal bites you.
You die...

#.....#
#....[...#.##.## #
###.###
#######........# #
#.#######
#........# #
#....>..#
#...####.# #
#.#####.#
########.# #
#.#####.# #.>....#
# #....##.#
#.###########
#.##.##.########.#
#......
#.........F@h....#
#.####[
##################
#.####. #.##...
#.##.## #.##.##
#...... ####.##
#.# ####.#


You could see a bullfrog and a jackal.

Vanquished Creatures
  An ooze (D:2)
  2 worms (D:2)
  3 dart slugs (D:1)
  3 leopard geckos
  A ball python (D:2)
  5 bats
  3 giant cockroaches
  12 goblins
  8 hobgoblins
  A jackal (D:3)
  6 kobolds
  2 frilled lizards
  11 rats
58 creatures vanquished.

Notes
Turn   | Place    | Note
-------+----------+-------------------------------------------
     0 | D:1      | ferdilos the Kobold Enchanter began the quest for the Orb.
     0 | D:1      | Reached XP level 1. HP: 10/10 MP: 3/3
   740 | D:1      | Reached XP level 2. HP: 15/15 MP: 3/5
   759 | D:1      | Learned a level 2 spell: Ensorcelled Hibernation
  1170 | D:1      | Reached XP level 3. HP: 19/19 MP: 6/6
  2277 | D:1      | Learned a level 3 spell: Confuse
  2517 | D:1      | Reached XP level 4. HP: 14/24 MP: 1/7
  3948 | D:3      | Noticed a bullfrog
  4043 | D:2      | HP: 1/24 [bullfrog (6)]
  4045 | D:2      | Slain by a jackal

Skill      XL: |  1  2  3  4 |
---------------+-------------+-----
Dodging        | 3 4 |  4.1
Short Blades   | |  1.3
Stealth        | |  4.9
Spellcasting   | |  2.1
Hexes          | |  3.6

Action                   |  1- 3 |  4- 6 || total
-------------------------+-------+-------++-------
Melee: Dagger            |   109 |    42 ||   151
 Cast: Corona            |     5 |       ||     5
       Ensorcelled Hiber |    21 |    26 ||    47
  Use: Scroll            |       |     7 ||     7
 Stab: Sleeping          |    21 |    17 ||    38
  Eat: Chunk             |    15 |     6 ||    21
Armor: Robe              |    11 |    14 ||    25
Dodge: Dodged            |    86 |    66 ||   152
